Map: Ruins of Seras

Players

SticklerMac - Winner!

  • Race: Zerg Zerg
  • League: Silver

IPXZerg

  • Race: Zerg Zerg
  • League: Silver

VOD

https://www.youtube.com/watch?v=jiyYIV4spuQ

Description

Time

  • Played on: Oct. 22, 2015, 1:42 p.m.
  • Length: 6:07
Show
View Real Time Build Order
Export as new Build Order

SticklerMac Zerg - Winner!

Build Orders: Hatch First, Zergling Baneling 

Get SALT Encoding   

  12  0:01  Drone  
  13  0:09  Drone  
  14  0:17  Overlord  
  14  0:35  Drone  
  15  0:36  Drone x2  
  17  0:56  Hatchery  
  17  1:04  Drone x2  
  17  1:08  Extractor  
  17  1:16  Spawning Pool  
  16  1:19  Drone  
  16  1:23  Drone  
  18  1:30  Drone  
  19  1:40  Drone  
  20  1:51  Overlord  
  20  2:03  Drone  
  20  2:08  Metabolic Boost, Queen  
  23  2:10  Queen  
  23  2:14  Zergling x2  
  26  2:18  Zergling x2  
  26  2:20  Zergling x2  
  28  2:24  Drone  
  29  2:30  Drone  
  29  2:35  Drone  
  31  2:37  Baneling Nest  
  31  2:41  Drone  
  31  2:44  Drone  
  32  2:52  Drone  
  32  2:55  Drone  
  34  3:02  Drone  
  35  3:05  Drone  
  36  3:14  Overlord  
  36  3:24  Overlord x3  
  36  3:25  Overlord  
  36  3:37  Zergling x10  
  41  3:45  Zergling x2  
  40  3:48  Baneling  
  40  3:49  Zergling x2, Baneling x2  
  40  3:55  Zergling x8  
  44  3:56  Zergling x6  
  48  4:04  Zergling x2  
  48  4:06  Zergling x2  
  50  4:15  Drone  
  51  4:17  Zergling x2  
  52  4:24  Zergling x6  
  52  4:27  Baneling x7  
  52  4:28  Zergling x4, Baneling x3  
  52  4:29  Zergling x4  
  59  4:44  Zergling x6  
  52  4:51  Zergling x4  
  49  4:56  Zergling x2  
  49  4:57  Zergling x10  
  52  5:05  Zergling x4  
  54  5:12  Baneling x4  
  54  5:13  Baneling  
  54  5:16  Zergling x4  
  56  5:26  Zergling x2  
  56  5:27  Zergling x2  
  54  5:41  Zergling x2  
  54  5:42  Zergling x2  
  54  5:48  Zergling x4  
Show
View Real Time Build Order
Export as new Build Order

IPXZerg Zerg 

Build Orders: Hatch First 

Get SALT Encoding   

  12  0:01  Drone  
  13  0:08  Drone  
  14  0:17  Overlord  
  14  0:26  Extractor  
  14  0:27  Drone  
  15  0:37  Drone x2  
  17  0:44  Drone  
  18  0:59  Drone  
  18  1:01  Hatchery  
  18  1:05  Drone  
  19  1:18  Drone  
  20  1:19  Spawning Pool  
  20  1:21  Extractor  
  18  1:28  Drone  
  19  1:40  Overlord  
  19  1:49  Drone  
  20  2:02  Drone  
  20  2:06  Queen  
  23  2:10  Zergling x2  
  23  2:14  Queen  
  26  2:17  Drone  
  27  2:24  Metabolic Boost  
  27  2:25  Drone x2  
  29  2:32  Drone  
  30  2:39  Drone  
  31  2:46  Drone x2  
  33  2:55  Drone  
  33  2:57  Queen  
  36  2:58  Overlord  
  36  3:05  Baneling Nest  
  36  3:12  Zergling x2  
  36  3:18  Zergling x10  
  36  3:19  Zergling x2  
  40  3:52  Drone x3  
  40  3:54  Overlord x3  
  43  3:56  Baneling x4  
  43  3:57  Lair  
  43  4:00  Evolution Chamber  
  42  4:04  Zergling x2  
  42  4:06  Overlord  
  43  4:10  Extractor  
  42  4:23  Drone x6  
  42  4:24  Drone  
  49  4:33  Zergling x2  
  49  4:34  Zergling x2  
  44  4:50  Zergling x2  
  44  4:51  Zergling x14  
  49  5:01  Queen  
  49  5:04  Zergling x4  
  52  5:12  Baneling x2  
  50  5:18  Overlord  
  50  5:19  Zergling x2  
  40  5:43  Zergling x6  
  40  5:44  Zergling x8  
Tags
 
Add a new tag
Caveats
  • Supply blocks, unpowered buildings, or Contaminate may cause inaccurate times.
  • Supply counts are checked every 10 seconds.